 Dungeon Crawl Stone Soup version 0.17-a0-1996-gd2c0ec8 (webtiles) character file.

81 admarant the Magician (level 4, -2/27 HPs)
             Began as a High Elf Wizard on Oct 8, 2015.
             Killed by nerve-wracking pain
             ... invoked by Grinder
              (12 damage)
             ... on level 3 of the Dungeon.
             The game lasted 00:17:43 (2548 turns).

admarant the Magician (High Elf Wizard)             Turns: 2548, Time: 00:17:43

Health: -2/27      AC:  2    Str:  6    XL:     4   Next: 20%
Magic:  4/11       EV: 13    Int: 22    God:
Gold:   75         SH:  0    Dex: 14    Spells: 5 memorised, 2 levels left

rFire  . . .     SeeInvis .     h - +2 dagger (elec)
rCold  . . .     Clarity  .     a - +0 robe
rNeg   . . .     SustAt   .     (no shield)
rPois  .         Gourm    .     b - +0 hat
rElec  .         Spirit   .     (no cloak)
rCorr  .         Warding  .     (no gloves)
rMut   .         Stasis   .     (no boots)
MR     .....                    (no amulet)
Stlth  ++........               (no ring)
                                (no ring)

@: not resistant to hostile enchantments, unstealthy
A: no striking features
a: no special abilities


You were on level 3 of the Dungeon.
You were not hungry.

You visited 1 branch of the dungeon, and saw 3 of its levels.

You collected 75 gold pieces.

Inventory:

Hand Weapons
 h - a +2 dagger of electrocution (weapon)
Missiles
 f - 2 needles of slowing (quivered)
Armour
 a - a +0 robe (worn)
 b - a +0 hat (worn)
 o - a +0 storm dragon armour
Scrolls
 g - a scroll of recharging {unknown}
 m - 2 scrolls of fear {unknown}
 n - 2 scrolls of identify {unknown}
 p - 2 scrolls of remove curse {unknown}
 q - a scroll of enchant armour {unknown}
 s - a scroll of noise {unknown}
Potions
 i - a potion of heal wounds {unknown}
 j - a potion of might {unknown}
 k - 2 potions of agility {unknown}
Books
 c - a book of Minor Magic

   Spells                             Type                      Level
   a - Magic Dart                     Conjuration                  1
   b - Blink                          Translocation                2
   c - Call Imp                       Summoning                    2
   d - Repel Missiles                 Charms/Air                   2
   e - Slow                           Hexes                        2
   f - Conjure Flame                  Conjuration/Fire             3
   g - Mephitic Cloud                 Conjuration/Poison/Air       3
Comestibles
 d - 2 bread rations
 r - a meat ration


   Skills:
 + Level 3.1 Dodging
 + Level 2.9 Stealth
 + Level 4.6 Spellcasting
 + Level 2.1 Conjurations
 + Level 0.8 Summonings
 + Level 1.1 Translocations


You had 2 spell levels left.
You knew the following spells:

 Your Spells              Type           Power        Failure   Level  Hunger
a - Magic Dart            Conj           ##..         6%          1    None
b - Call Imp              Summ           #.......     12%         2    None
c - Blink                 Tloc           N/A          12%         2    None
d - Repel Missiles        Chrm/Air       #.....       17%         2    None
e - Conjure Flame         Conj/Fire      #.......     21%         3    ##.....


Dungeon Overview and Level Annotations

Branches:
Dungeon (3/15)

Altars:
Gozag

Annotations:
D:3 Grinder


Message History

Grinder gestures.
Grinder blinks!
Casting: Magic Dart
Confirm with . or Enter, or press ? or * to list all spells.
Aiming: Magic Dart
Press: ? - help, Shift-Dir - straight line, f/p - Grinder
Aim: Grinder (severely wounded)
The magic dart hits Grinder.
Grinder is severely wounded.
Casting: Magic Dart
Confirm with . or Enter, or press ? or * to list all spells.
Aiming: Magic Dart
Press: ? - help, Shift-Dir - straight line, f/p - Grinder
Aim: Grinder (severely wounded)
The magic dart hits Grinder.
Grinder is severely wounded.
Your crimson imp blinks!
Grinder gestures at you. Pain shoots through your body!
You die...

## .###### #
....%.. #.
.5...
#.###..##.##
#..5@...5...
###ยง##..#.##
#<# .#
.......#.# ..
....### ## .#
8. #


You could see Grinder and 2 friendly crimson imps.

Vanquished Creatures
  2 adders (D:2)
  An ooze (D:1)
  3 worms (D:2)
  2 giant geckos
  6 bats
  2 giant cockroaches
  3 goblins
  3 hobgoblins
  2 jackals (D:2)
  5 kobolds
  3 giant newts
  6 rats
38 creatures vanquished.

Vanquished Creatures (collateral kills)
  A giant cockroach (D:1)
  2 hobgoblins
  2 jackals (D:2)
  2 kobolds (D:2)
  A quokka (D:2)
  2 bats
  A giant gecko (D:2)
  2 giant newts (D:2)
  2 goblins
  5 rats (D:2)
20 creatures vanquished.

Grand Total: 58 creatures vanquished

Notes
Turn   | Place    | Note
--------------------------------------------------------------
     0 | D:1      | admarant the High Elf Wizard began the quest for the Orb.
     0 | D:1      | Reached XP level 1. HP: 11/11 MP: 6/6
   327 | D:1      | Reached XP level 2. HP: 12/17 MP: 3/7
   593 | D:1      | Learned a level 2 spell: Call Imp
   596 | D:1      | Learned a level 2 spell: Blink
  1133 | D:2      | Reached skill level 4 in Spellcasting
  1133 | D:2      | Reached XP level 3. HP: 7/21 MP: 2/9
  1482 | D:2      | Learned a level 2 spell: Repel Missiles
  1625 | D:2      | Found an opulent altar of Gozag.
  1755 | D:2      | Reached XP level 4. HP: 19/27 MP: 3/11
  1994 | D:2      | Learned a level 3 spell: Conjure Flame
  2379 | D:3      | Noticed Grinder
  2548 | D:3      | Killed from afar by Grinder

Vault maps used:
D:1:      co_arrival_square_in_a_square_in_a_square
D:2:      nicolae_gozag_seed_capital
D:3:      lemuel_doored_altar, ecumenical_altar_2, uniq_grinder,
          uniq_crazy_yiuf_cottage

Action                   |  1- 3 |  4- 6 || total
-------------------------+-------+-------++-------
Melee: Unarmed           |     7 |       ||     7
       Dagger            |    53 |    19 ||    72
 Cast: Magic Dart        |    28 |    22 ||    50
       Call Imp          |    19 |    12 ||    31
       Blink             |       |     1 ||     1
  Use: Scroll            |       |     1 ||     1
 Stab: Sleeping          |     1 |       ||     1
  Eat: Bread ration      |     1 |       ||     1
       Beef jerky        |       |     1 ||     1
